 Dungeon Crawl Stone Soup version 0.31-a0-1206-g41278d8d1d (webtiles) character file.

Game seed: 677966675901438634

343 voltaire321 the Stinger (level 6, -2/46 HPs)
             Began as a Demonspawn Venom Mage on Dec 14, 2023.
             Killed from afar by Robin (12 damage)
             ... with a puff of flame
             ... on level 4 of the Dungeon.
             The game lasted 00:14:15 (3994 turns).

voltaire321 the Stinger (Demonspawn Venom Mage)     Turns: 3994, Time: 00:14:16

Health: -2/46      AC:  5    Str: 10    XL:     6   Next: 31%
Magic:  9/10       EV: 12    Int: 15    God:
Gold:   225        SH:  4    Dex: 16    Spells: 8/11 levels left

rFire   . . .        d - +0 flail (protect)
rCold   . . .        o - +0 buckler
rNeg    . . .        c - +0 steam dragon scales
rPois   .            (no helmet)
rElec   .            (no cloak)
rCorr   .            (no gloves)
SInv    .            (no boots)
Will    .....        (no amulet)
Stlth   +++          (no ring)
HPRegen 0.27/turn    (no ring)
MPRegen 0.12/turn

%: no passive effects
@: no status effects
A: claws 1, thin skeletal structure 1, foul stench 1, condensation shield
a: no special abilities


You were on level 4 of the Dungeon.
You visited 1 branch of the dungeon, and saw 4 of its levels.

You collected 285 gold pieces.
You spent 60 gold pieces at shops.

Inventory:

Hand Weapons
 d - a +0 flail of protection (weapon)
 m - a +0 eveningstar
Missiles
 g - 2 throwing nets
Armour
 c - +0 steam dragon scales (worn)
 o - a +0 buckler (worn)
Wands
 j - a wand of polymorph (9)
Scrolls
 e - 3 scrolls of identify
 h - a scroll of fear
 i - a scroll of fog {unknown}
 k - a scroll of poison {unknown}
Potions
 a - a potion of mutation
 b - a potion of magic
 l - a potion of heal wounds
 n - a potion of enlightenment {unknown}


   Skills:
 + Level 2.5 Fighting
 + Level 2.3 Armour
 + Level 3.0 Dodging
 - Level 1.7 Stealth
 + Level 3.2 Spellcasting
 - Level 1.0 Transmutations
 + Level 4.1 Poison Magic


You had 8 spell levels left.
You knew the following spells:

 Your Spells              Type           Power      Damage    Failure   Level
a - Sting                 Tmut/Pois      40%        1d5       11%         1
b - Poisonous Vapours     Pois/Air       16%        N/A       19%         2

Your spell library contained the following spells:

 Spells                   Type           Power      Damage    Failure   Level
 Mephitic Cloud           Conj/Pois/Air  6%         N/A       45%         3
 Olgreb's Toxic Radiance  Pois           14%        N/A       47%         4


Dungeon Overview and Level Annotations

Branches:
Dungeon (4/15)
 Temple: D:4-7

Altars:
Okawaru

Shops:
D:1 [   D:2 ?((:(

Annotations:
D:3 2 transporters, hgbash's ghost, amateur GrEE
D:4 Robin


Innate Abilities, Weirdness & Mutations

You have sharp fingernails.
You have a somewhat thin skeletal structure. (Dex +2, Stealth+)
You may rarely emit foul miasma when damaged in melee.
A meltable shield of frost defends you. (SH +0)


Message History

You sock the hobgoblin!
You kill the hobgoblin!
The goblin completely misses you.
You barely miss the goblin. The goblin closely misses you.
Robin says, "Bow before me, strongest of all the hobgoblins!"
Robin roars a battlecry!
The goblins go into a battle-frenzy!
The goblin attacks as it pursues you! The goblin barely misses you.
The goblin attacks as it pursues you! You block the goblin's attack.
The goblin attacks as it pursues you! The goblin hits you with a +0 club.
* * * LOW HITPOINT WARNING * * *
You see here an adder corpse.
The goblin attacks as it pursues you! The goblin hits you but does no damage.
Robin throws the goblin at you! You block the goblin's attack.
You closely miss the goblin. You block the goblin's attack. x2
The goblin hits you but does no damage.
You hit the goblin.
Your weapon exudes an aura of protection.
The goblin is moderately wounded.
The goblin completely misses you. The goblin misses you.
The goblin hits you but does no damage.
You sock the goblin!
You kill the goblin!
The goblin hits you with a +0 club.
* * * LOW HITPOINT WARNING * * *
Robin throws the goblin at you!
You sock the goblin!
You kill the goblin!
Robin zaps a wand.
You block the puff of flame. Robin attacks as they pursue you!
You block Robin's attack.
Items here: )) ††.
Aiming: Sting (safe; 11% risk of failure)
Press: ? - help, Q - select action, (/) - cycle Shift-Dir - straight line, f - Robin
Aim: Robin, wielding a +0 falchion, wearing a +0 animal skin, wearing a +0 helmet and carrying a wand of flame (79% to hit)
The sting hits Robin.
Robin is poisoned.
Robin is lightly wounded.
Robin zaps a wand.
The puff of flame hits you!
Your condensation shield dissipates!
You die...
Robin says, "And that's why I'm the boss."

###...# #.....#
#.#...#
#.#.#.#####
###.......#
#[...###.#
##.#####.#
#.....##.######
##.#.......@..#
#.#..##.####g#
........# #.#
..##...#### #g#
#. #...# #†# #
....# ##.#####
##.### #......#
.. ##..###.#
#.......#


You could see Robin (poisoned).

Vanquished Creatures
  Edmund (D:4)
  A hound (D:4)
  An iguana (D:4)
  4 gnolls
  5 adders
  3 dart slugs
  An orc (D:4)
  11 endoplasms
  2 giant cockroaches (D:1)
  13 goblins
  9 hobgoblins
  3 jackals (D:1)
  6 quokkas
  9 ball pythons
  3 bats
  3 frilled lizards (D:1)
  4 kobolds
  6 rats
85 creatures vanquished.

Notes
Turn   | Place    | Note
-------+----------+-------------------------------------------
     0 | D:1      | voltaire321 the Demonspawn Venom Mage began the quest for
                  | the Orb.
     0 | D:1      | Reached XP level 1. HP: 13/13 MP: 3/3
    67 | D:1      | Reached skill level 1 in Transmutations
   118 | D:1      | Found Giufus's Antique Armour Boutique.
   163 | D:1      | Gained mutation: You may rarely emit foul miasma when
                  | damaged in melee. [demonic ancestry]
   163 | D:1      | Reached XP level 2. HP: 20/20 MP: 1/5
   582 | D:1      | Gained mutation: A meltable shield of frost defends you.
                  | (SH +0) [demonic ancestry]
   582 | D:1      | Reached XP level 3. HP: 25/25 MP: 4/6
   587 | D:1      | Reached skill level 1 in Armour
   727 | D:1      | Learned a level 2 spell: Poisonous Vapours
   787 | D:1      | Found a faded altar of an unknown god.
   809 | D:1      | Reached skill level 1 in Fighting
  1343 | D:2      | Found Gasecismu's Antique Weapon Shoppe.
  1394 | D:2      | Gained mutation: You have a somewhat thin skeletal
                  | structure. (Dex +2, Stealth+) [demonic ancestry]
  1394 | D:2      | Reached XP level 4. HP: 32/32 MP: 2/7
  1695 | D:2      | Found Qafo's Book Shop.
  1736 | D:2      | Found Vesev's Antique Weapon Shoppe.
  2003 | D:2      | Found Jaegg's Antique Weapon Shop.
  2098 | D:2      | Found Caassul's Magic Scroll Emporium.
  2106 | D:2      | Bought a scroll of identify for 20 gold pieces
  2106 | D:2      | Bought a scroll of fear for 40 gold pieces
  2131 | D:2      | Found an iron altar of Okawaru.
  2817 | D:3      | Found a transporter.
  2817 | D:3      | Found a transporter.
  2817 | D:3      | Noticed hgbash's ghost (amateur GrEE)
  3466 | D:4      | Gained mutation: You have sharp fingernails. [demonic
                  | ancestry]
  3466 | D:4      | Reached XP level 5. HP: 31/38 MP: 9/9
  3501 | D:4      | Noticed Edmund
  3512 | D:4      | Killed Edmund
  3513 | D:4      | Reached skill level 4 in Poison Magic
  3625 | D:4      | Reached XP level 6. HP: 16/44 MP: 10/10
  3953 | D:4      | Noticed Robin
  3994 | D:4      | Killed from afar by Robin

Illustrated notes

Levels and vault maps discovered:
D:1:      grunt_arrival_lava_bath, layout_basic,
          hellmonk_ecumenical_altar_heavens_door, serial_shops, shop,
          serial_bayou_pond_b
D:2:      layout_basic, serial_shops, nicolae_shop_competitors_out_of_business,
          nicolae_shop_real_fake_doors, nicolae_square_shop, shop,
          nicolae_shop_hallway_plus, basic_altar, chequers_serial_rivers_room_b
D:3:      layout_basic, gammafunk_ghost_mausoleum
D:4:      layout_loops_cross, ebering_ghost_gozag, uniq_robin, uniq_edmund,
          uniq_eustachio, uniq_natasha

Skill      XL: |  1  2  3  4  5  6 |
---------------+-------------------+-----
Transmutations | 1 |  1.0
Dodging        | 2 3 |  3.0
Armour         | 1 2 |  2.3
Fighting       | 1 2 |  2.5
Spellcasting   | 3 |  3.2
Poison Magic   | 4 |  4.1
Stealth        | |  1.7

Action                     |  1- 3 |  4- 6 || total
---------------------------+-------+-------++-------
  Melee: Unarmed           |     3 |       ||     3
         Dagger            |    34 |       ||    34
         Short sword       |    19 |    77 ||    96
         Punch             |     1 |     2 ||     3
         Flail             |       |    51 ||    51
   Cast: Sting             |    55 |    39 ||    94
         Poisonous Vapours |       |     3 ||     3
    Use: Scroll            |       |     3 ||     3
         Potion            |       |     1 ||     1
   Stab: Sleeping          |       |     5 ||     5
 Armour: Steam dragon scal |    28 |   103 ||   131
  Dodge: Dodged            |    41 |    92 ||   133
  Block: Other             |     1 |    15 ||    16
         Buckler           |       |    22 ||    22

Table legend: (Time is in decaauts)
 A = Elapsed time spent in this place.
 B = Non-inter-level travel time spent in this place.
 C = Inter-level travel time spent in this place.
 D = Time resting spent in this place.
 E = Time spent auto-exploring this place.
 F = Levels seen in this place.
 G = Mean time per level.
                   A        B        C        D        E       F      G
               +--------+--------+--------+--------+--------+-----+--------+
         Total |   4022 |   3901 |    121 |    474 |   2490 |   4 | 1005.5 |
       Dungeon |   4022 |   3901 |    121 |    474 |   2490 |   4 | 1005.5 |
               +--------+--------+--------+--------+--------+-----+--------+

Top non-repeatable levels by time:
     D:1: 1258 daAuts
     D:2: 1241 daAuts
     D:3: 880 daAuts
     D:4: 641 daAuts
